 Dungeon Crawl Stone Soup version 0.29.0-4-gdea44cf6ec (webtiles) character file.

Game seed: 5238305343782047826

3448 Arcadio the Nimble (level 9, -3/49 HPs)
             Began as a Spriggan Hunter on Aug 26, 2022.
             Was a Priest of Nemelex Xobeh.
             Killed from afar by an electric eel (10 damage)
             ... with a bolt of electricity
             ... on level 9 of the Dungeon.
             The game lasted 01:05:17 (16269 turns).

Arcadio the Nimble (Spriggan Hunter)               Turns: 16269, Time: 01:05:18

Health: -3/49      AC:  5    Str:  9    XL:     9   Next: 77%
Magic:  12/12      EV: 25    Int: 11    God:    Nemelex Xobeh [***...]
Gold:   567        SH:  0    Dex: 20    Spells: 8/8 levels left

rFire   . . .      SeeInvis +   b - +2 mace (holy)
rCold   . . .      Faith    .   (no shield)
rNeg    . . .      Spirit   .   c - +0 robe
rPois   .          Reflect  .   (helmet restricted)
rElec   .          Harm     .   y - +2 cloak {Stlth+}
rCorr   .          Rampage  .   (gloves unavailable)
Will    +....                   (boots unavailable)
Stlth   ++++......              L - amulet of regeneration
HPRegen 0.96/turn               (no ring)
MPRegen 0.13/turn               (no ring)

@: very quick
A: very small, no large weapons, unfitting armour, see invisible, speed 3
a: Renounce Religion, Draw Escape, Draw Destruction, Draw Summoning, Triple Draw


You were on level 9 of the Dungeon.
You worshipped Nemelex Xobeh.
Nemelex Xobeh was most pleased with you.
You visited 1 branch of the dungeon, and saw 9 of its levels.
You also visited: Sewer.

You collected 567 gold pieces.

Inventory:

Hand Weapons
 a - a +0 shortbow
 b - a +2 mace of holy wrath (weapon)
 f - a +0 mace
 j - a +0 rapier
 o - a +0 dagger
 u - a +0 hammer of protection
 x - a +4 quarterstaff of chaos
 E - a +1 short sword of draining
 F - a +1 vorpal mace
 I - a +0 dagger of electrocution
 J - a +0 dagger of protection
 M - a +1 whip of flaming
Missiles
 e - a throwing net
 K - 11 poisoned darts (quivered)
 N - 5 boomerangs of dispersal
Armour
 c - a +0 robe (worn)
 y - a +2 cloak of stealth (worn)
Magical Staves
 g - a staff of earth
Jewellery
 h - an amulet of the acrobat
 L - an amulet of regeneration (around neck)
Wands
 v - a wand of mindburst (16)
 G - a wand of quicksilver (16)
Scrolls
 d - 2 scrolls of immolation
 k - 4 scrolls of teleportation
 n - a scroll of enchant armour
 p - 2 scrolls of blinking
 B - a scroll of fear
 C - a scroll of acquirement {unknown}
 H - a scroll of brand weapon {unknown}
Potions
 i - 3 potions of haste
 l - 2 potions of mutation
 m - 2 potions of magic
 q - 5 potions of curing
 r - 2 potions of ambrosia
 s - a potion of flight
 t - a potion of brilliance
 w - 3 potions of might
 z - a potion of cancellation
 A - 2 potions of heal wounds
 D - 2 potions of attraction


   Skills:
 + Level 6.7 Fighting
 + Level 8.8 Ranged Weapons
 + Level 9.6 Dodging
 - Level 5.3 Stealth
 + Level 3.4 Invocations


You had 8 spell levels left.
You didn't know any spells.
Your spell library contained the following spells:

 Spells                   Type           Power      Damage    Failure   Level
 Beastly Appendage        Tmut           0%         N/A       34%         1
 Wereblood                Tmut           0%         N/A       47%         2
 Dazzling Flash           Conj/Hex       0%         N/A       71%         3
 Ozocubu's Armour         Ice            0%         N/A       71%         3
 Spider Form              Tmut/Pois      0%         N/A       71%         3
 Iskenderun's Mystic Bla  Conj/Tloc      0%         2d3       98%         4
 Leda's Liquefaction      Hex/Erth       0%         N/A       98%         4
 Lee's Rapid Deconstruct  Erth           0%         3d5*      100%        5
 Metabolic Englaciation   Hex/Ice        0%         N/A       100%        5
 Simulacrum               Ice/Necr       0%         N/A       100%        6
 Starburst                Conj/Fire      0%         6d3       100%        6
 Statue Form              Tmut/Erth      0%         N/A       100%        6


Dungeon Overview and Level Annotations

Branches:
Dungeon (9/15) Zot: 26748  Temple (0/1) D:5           Sewer (visited)
   Lair: D:8-11         Orc: D:9-12

Altars:
Cheibriados
Dithmenos
Elyvilon
Gozag
Nemelex Xobeh
Ru
Trog
Uskayaw
Wu Jian

Shops:
D:4 =


Innate Abilities, Weirdness & Mutations

You are very small and have problems with some larger weapons.
You are too small for most types of armour.
You have supernaturally acute eyesight. (SInv)
You cover ground extremely quickly. (Speed+++)


Message History

Your +2 mace of holy wrath stops glowing.
a - a +0 shortbow (weapon)
You climb downwards.
There is a stone staircase leading up here.
The electric eel shoots out a bolt of lightning at you!
The bolt of electricity hits you. The bolt of electricity hits you!
There is a stone staircase leading up here.
You climb upwards.
There is a stone staircase leading down, spattered with blood here.
Your +2 mace of holy wrath softly glows with a divine radiance!
b - a +2 mace of holy wrath (weapon)
You start resting.
HP restored.
You climb downwards.
There is a stone staircase leading up here.
You hit the electric eel.
The electric eel is lightly wounded.
The electric eel shoots out a bolt of lightning at you!
The bolt of electricity misses you. x2
You hit the electric eel.
The electric eel is heavily wounded.
The electric eel shoots out a bolt of lightning at you!
The bolt of electricity hits you! x2
You hit the electric eel.
The electric eel is severely wounded.
The electric eel shoots out a bolt of lightning at you!
The bolt of electricity hits you! The bolt of electricity hits you.
You barely miss the electric eel.
The electric eel is severely wounded.
You closely miss the electric eel.
The electric eel is severely wounded.
You hit the electric eel.
The electric eel is almost dead.
The electric eel shoots out a bolt of lightning at you!
The bolt of electricity hits you! x2
* * * LOW HITPOINT WARNING * * *
The electric eel shoots out a bolt of lightning at you!
The bolt of electricity hits you!
You die...
Your body disappears without a glow.

~P≈~PP...~~~
♣♣~~~P~...~~♣
#♣~~~~PP...~~♣♣
#~~~~~~....~~P♣
♣~~~~~...~~~~♣
♣~~~~~...~~♣
#~~~..~~♣~..
#S♣..~♣~...
#@.$.~~.#
####....♣♣.#
#.<.....# #
#.#####..# #.
..... .. ......
##. ...... #.
...... #. ....


You could see an electric eel.

Vanquished Creatures
  Pikel (D:8)
  Prince Ribbit (D:7)
  A wyvern (D:8)
  A warg (D:8)
  An acid dragon (D:8)
  2 ice beasts
  2 black bears
  A centaur (D:8)
  3 lemures (D:8)
  2 phantoms
  5 kobold brigands
  A gnoll sergeant (D:7)
  Blork the orc (D:4)
  A bullfrog (D:9)
  A necrophage (D:6)
  2 scorpions (D:4)
  9 killer bees
  A howler monkey (D:7)
  3 jellies
  Crazy Yiuf (D:3)
  An orc priest (D:7)
  Jessica (D:3)
  5 orc wizards
  3 gnolls (D:4)
  16 adders
  4 river rats (Sewer)
  2 shadow imps (D:7)
  2 ufetubi
  4 worms
  A dart slug (D:1)
  15 orcs
  9 bats
  6 endoplasms
  A giant cockroach (D:3)
  5 hobgoblins
  2 jackals (D:1)
  31 kobolds
  5 quokkas
  7 ball pythons
  2 frilled lizards
  7 goblins
  21 rats
190 creatures vanquished.

Vanquished Creatures (others)
  2 plants (D:9)
2 creatures vanquished.

Grand Total: 192 creatures vanquished

Notes
Turn   | Place    | Note
-------+----------+-------------------------------------------
     0 | D:1      | Arcadio the Spriggan Hunter began the quest for the Orb.
     0 | D:1      | Reached XP level 1. HP: 10/10 MP: 2/2
   232 | D:1      | Reached skill level 3 in Dodging
   364 | D:1      | Reached XP level 2. HP: 15/15 MP: 3/3
  1116 | D:1      | Found a faded altar of an unknown god.
  1177 | D:2      | Reached XP level 3. HP: 18/18 MP: 4/4
  1225 | D:2      | You fall into a shaft and drop 2 floors!
  1225 | D:4      | Found a sparkling altar of Nemelex Xobeh.
  1227 | D:4      | Noticed a scorpion
  1232 | D:4      | Became a worshipper of Nemelex Xobeh the Trickster
  1526 | D:3      | Noticed Jessica
  1575 | D:2      | Reached XP level 4. HP: 22/23 MP: 5/5
  3950 | D:2      | Reached XP level 5. HP: 28/28 MP: 6/6
  4231 | D:3      | Killed Jessica
  4232 | D:3      | Reached skill level 5 in Ranged Weapons
  4470 | D:3      | Found a runed translucent door.
  4471 | D:3      | Noticed Crazy Yiuf
  6008 | D:3      | Found a faded altar of an unknown god.
  6012 | D:3      | Found a sacrificial altar of Ru.
  6190 | D:3      | Killed Crazy Yiuf
  6410 | D:4      | Found Affuk's Jewellery Boutique.
  6421 | D:4      | Noticed Blork the orc
  7309 | D:4      | Reached XP level 6. HP: 32/32 MP: 7/7
  7355 | D:4      | Killed Blork the orc
  7760 | D:4      | Found a hide-covered altar of Uskayaw.
  7948 | D:4      | Reached skill level 5 in Stealth
  7972 | D:4      | Reached skill level 4 in Dodging
  8155 | D:4      | Reached XP level 7. HP: 37/37 MP: 8/8
  8168 | D:5      | Entered Level 5 of the Dungeon
  8257 | D:5      | Reached * piety under Nemelex Xobeh
  8259 | D:5      | Found an opulent altar of Gozag.
  8302 | D:5      | Found a staircase to the Ecumenical Temple.
  8450 | D:5      | Received a gift from Nemelex Xobeh
  8577 | D:5      | Received a gift from Nemelex Xobeh
  8662 | D:5      | Found an ornate altar of the Wu Jian Council.
  8965 | D:6      | Found a glowing drain.
  8988 | D:6      | Reached ** piety under Nemelex Xobeh
  8991 | Sewer    | Entered a sewer
  9012 | Sewer    | Reached skill level 5 in Dodging
 10116 | D:6      | Found a white marble altar of Elyvilon.
 10259 | D:6      | Received a gift from Nemelex Xobeh
 10724 | D:7      | Reached skill level 6 in Dodging
 10724 | D:7      | Reached XP level 8. HP: 42/42 MP: 9/9
 10776 | D:7      | Noticed Maggie
 11760 | D:7      | Reached skill level 5 in Fighting
 12848 | D:7      | Reached skill level 7 in Dodging
 12932 | D:7      | Found a bloodstained altar of Trog.
 12932 | D:7      | Found a snail-covered altar of Cheibriados.
 12994 | D:7      | Received a gift from Nemelex Xobeh
 13342 | D:7      | Noticed Maggie
 13342 | D:7      | Maggie changed into Maggie the worm
 13348 | D:7      | Killed Maggie the worm
 13720 | D:7      | Noticed Prince Ribbit
 13734 | D:7      | Killed Prince Ribbit
 13735 | D:7      | Reached skill level 8 in Dodging
 14380 | D:8      | Reached XP level 9. HP: 34/48 MP: 10/10
 14485 | D:8      | Reached *** piety under Nemelex Xobeh
 14504 | D:8      | Noticed Maurice
 14507 | D:8      | Noticed Maurice
 14507 | D:8      | Maurice changed into Maurice the acid dragon
 14510 | D:8      | Killed Maurice the acid dragon
 14521 | D:8      | Reached skill level 1 in Invocations
 14554 | D:8      | Received a gift from Nemelex Xobeh
 14727 | D:8      | Noticed Pikel
 14835 | D:8      | Killed Pikel
 14836 | D:8      | Reached skill level 9 in Dodging
 15169 | D:8      | Found a shadowy altar of Dithmenos.
 15995 | D:9      | Received a gift from Nemelex Xobeh
 16269 | D:9      | Killed from afar by an electric eel

Illustrated notes

Levels and vault maps discovered:
D:1:      tarquinn_simple_flora_water_e, layout_basic,
          ebering_ecumenical_altar_petrified, minmay_3d_cube
D:2:      layout_rooms, hangedman_glass_teeth, minmay_octomino_e4
D:3:      layout_loops_ring, nicolae_overflow_ecumenical_swirl, uniq_jessica,
          uniq_crazy_yiuf_cottage
D:4:      layout_rooms, nemelex_xobeh_ov_fountains_minmay,
          eat_drink_and_be_merry_uskayaw, serial_shops, nicolae_stop_n_shop_1,
          uniq_blork_the_orc
D:5:      layout_cave_pools, mainiacjoe_overflow_alcove_2,
          mainiacjoe_overflow_six_doors_small, minmay_temple_entry_crystal_x,
          chequers_big_river, dreamdust_wishing_well
D:6:      layout_gridville, old_standard_altar, cheibrodos_sewer_entry_bend
D:7:      minmay_evil_eye, layout_basic, gammafunk_temple_overflow_wave,
          uniq_maggie, uniq_prince_ribbit1
D:8:      layout_layer_cave, grunt_dithmenos_smoke_and_mirrors, uniq_maurice,
          uniq_pikel
D:9:      layout_loops_ring, erik_lair_orcish_takeover, serial_bayou_ford_a

Skill      XL: |  1  2  3  4  5  6  7  8  9 |
---------------+----------------------------+-----
Dodging        | 3 4 6 8 9 |  9.6
Fighting       | 2 3 4 5 6 |  6.7
Stealth        | 2 4 5 |  5.3
Ranged Weapons | 5 6 7 8 |  8.8
Invocations    | 3 |  3.4

Action                   |  1- 3 |  4- 6 |  7- 9 || total
-------------------------+-------+-------+-------++-------
Melee: Dagger            |    28 |    95 |       ||   123
       Mace              |     4 |    23 |   151 ||   178
 Fire: Shortbow          |    81 |   168 |   437 ||   686
Throw: Dart              |       |       |     2 ||     2
Invok: Draw Destruction  |       |       |    19 ||    19
       Draw Escape       |       |       |     5 ||     5
       Draw Summoning    |       |       |     1 ||     1
  Use: Scroll            |     1 |     3 |    13 ||    17
       Potion            |       |       |     3 ||     3
 Stab: Sleeping          |       |     1 |       ||     1
Armor: Robe              |     3 |     9 |    32 ||    44
Dodge: Dodged            |    34 |   139 |   518 ||   691
